 Dungeon Crawl Stone Soup version 0.19-a0-1908-g43c011f (webtiles) character file.

26420 kae the Carver (level 13, 0/106 HPs)
             Began as a Formicid Fighter on Oct 21, 2016.
             Was a High Priest of Okawaru.
             Killed from afar by an ice dragon (39 damage)
             ... with a blast of cold
             ... on level 5 of the Lair of Beasts on Oct 22, 2016.
             The game lasted 00:26:16 (16838 turns).

kae the Carver (Formicid Fighter)                  Turns: 16838, Time: 00:26:17

Health: 0/106      AC: 15    Str: 26    XL:     13   Next: 58%
Magic:  17/19      EV: 19    Int:  8    God:    Okawaru [*****.]
Gold:   659        SH: 14    Dex: 10    Spells: 0 memorised, 12 levels left

rFire  + . .     SeeInvis +     a - +9 falchion of Wyrd {slice, rF+}
rCold  . . .     Gourm    .     b - +0 scale mail
rNeg   . . .     Faith    .     c - +0 shield
rPois  +         Spirit   .     (helmet unavailable)
rElec  .         Reflect  .     Q - +1 cloak {rPois}
rCorr  .         Harm     .     Z - +1 pair of gloves
MR     +....     Clarity  +     T - +0 pair of boots
Stlth  +.........               (no amulet)
                                L - +2 ring of evasion
                                O - +3 ring of evasion

@: heroism
A: permanent stasis, dig shafts and tunnels, four strong arms, antennae 3,
clarity
a: Dig, Shaft Self, Heroism, Finesse, Renounce Religion


You were on level 5 of the Lair of Beasts.
You worshipped Okawaru.
Okawaru was extremely pleased with you.
You were not hungry.

You visited 3 branches of the dungeon, and saw 16 of its levels.
You also visited: Sewer.

You collected 953 gold pieces.
You spent 294 gold pieces at shops.

Inventory:

Hand Weapons
 a - the +9 falchion of Wyrd (weapon) {slice, rF+}
   (You found it on level 5 of the Dungeon)

   It inflicts extra damage upon your enemies.
   It protects you from fire.
 o - a +2 great sword of electrocution
 u - a +0 great sword
 y - a +1 long sword
Armour
 b - a +0 scale mail (worn)
 c - a +0 shield (worn)
 B - a +1 large shield
 I - the +0 cloak of the Peculiar Runes {MP+9 Str+2 Stlth+}
   (Okawaru gifted it to you on level 1 of the Lair of Beasts)

   It affects your strength (+2).
   It affects your magic capacity (+9).
   It makes you more stealthy.
 Q - a +1 cloak of poison resistance (worn)
 T - a +0 pair of boots (worn)
 Z - a +1 pair of gloves (worn)
Jewellery
 r - a +3 ring of intelligence {unknown}
 E - an uncursed amulet of the gourmand {unknown}
 F - an uncursed ring of positive energy
 L - a +2 ring of evasion (right hand)
 O - a +3 ring of evasion (left hand)
 U - an uncursed ring of protection from fire
Scrolls
 d - 3 scrolls of enchant weapon
 e - 8 scrolls of identify
 m - 2 scrolls of remove curse
 q - 2 scrolls of magic mapping
 z - 2 scrolls of enchant armour
 G - a scroll of fog
 J - 2 scrolls of recharging
 S - a scroll of fear
Potions
 g - a potion of brilliance
 h - 3 potions of cancellation
 i - 2 potions of ambrosia
 j - 3 potions of mutation
 n - 2 potions of cure mutation
 p - 3 potions of flight
 t - 4 potions of curing
 v - a potion of invisibility
 w - 3 potions of might
 x - 3 potions of magic
 A - a potion of lignification
 C - 3 potions of heal wounds
 N - 2 potions of resistance
Books
 l - a book of Minor Magic

   Spells                             Type                      Level
   a - Magic Dart                     Conjuration                  1
   b - Blink                          Translocation                2
   c - Call Imp                       Summoning                    2
   d - Repel Missiles                 Charms/Air                   2
   e - Slow                           Hexes                        2
   f - Conjure Flame                  Conjuration/Fire             3
   g - Mephitic Cloud                 Conjuration/Poison/Air       3
 R - a book of Enchantments

   Spells                             Type                      Level
   a - Cause Fear                     Hexes                        4
   b - Yara's Violent Unravelling     Hexes/Transmutation          5
   c - Silence                        Hexes/Air                    5
   d - Deflect Missiles               Charms/Air                   6
   e - Discord                        Hexes                        8
Comestibles
 f - 15 bread rations
 k - a slice of pizza
 s - 11 fruits
 H - 3 meat rations
 K - 3 beef jerkies


   Skills:
 - Level 11.5(16.5) Fighting
 * Level 14.8(19.8) Long Blades
 + Level 5.3(10.3) Armour
 + Level 3.5(8.5) Dodging
 + Level 10.8(15.8) Shields
 - Level 8.3 Invocations


You had 12 spell levels left.
You didn't know any spells.

Dungeon Overview and Level Annotations

Branches:
Dungeon (10/15)            Temple (1/1) D:6            Lair (6/6) D:9
 Spider (0/4) Lair:3          Orc (0/2) D:10
  Swamp: Lair:2-4    Shoals: Lair:2-4     Slime: Lair:5-6

Altars:
Ashenzari
Cheibriados
Dithmenos
Elyvilon
Fedhas
Gozag
Kikubaaqudgha
Nemelex Xobeh
Okawaru
Ru
Trog
Uskayaw
Vehumet
Xom
Yredelemnul
The Shining One

Shops:
D:6 %   D:7 %(?

Annotations:
Lair:5 exclusion: ice statue


Innate Abilities, Weirdness & Mutations

You are under a permanent stasis effect.
You can dig through walls and to a lower floor.
Your four strong arms can wield two-handed weapons with a shield.
You have a pair of large antennae on your head. (SInv)
You possess an exceptional clarity of mind.


Message History

You block the crocodile's attack. The ice dragon breathes frost at you.
The blast of cold hits you!
You are too injured to fight recklessly!
You are too injured to fight recklessly!
You slash the crocodile!
You kill the crocodile!
Okawaru accepts your kill. The ice dragon bites you!
You block the ice dragon's attack. The ice dragon barely misses you.
You hit the ice dragon but do no damage.
The ice dragon completely misses you.
You riposte.
You completely miss the ice dragon. You block the ice dragon's attack.
The ice dragon barely misses you.
You slash the ice dragon!
The ice dragon is lightly wounded.
You gain the combat prowess of a mighty hero.
The ice dragon breathes frost at you. The blast of cold hits you!
You die...

≈≈[.% ≈≈$%\
≈............. ≈≈≈≈≈
≈.............. ≈≈≈≈≈
≈≈.............. ≈≈≈≈≈
≈≈≈.............. ≈≈≈≈≈
≈.≈.≈≈.....P.#P..#
.≈≈≈≈....≈..............
≈≈≈.≈≈≈.≈≈≈≈....D.......
.≈...≈.≈≈≈≈.....@.......
.......≈≈≈.⌠...........)
....##P.≈##......#....P.
P.#....(.#.......#..#.#.
........................
.....>..................
##.#.##..##.#####.####.P
######.##### ## P. ###


You could see an ice dragon.

Vanquished Creatures
  Gastronok (Lair:1)
  Nessos (Lair:5)
  Erica (D:8)
  An unseen horror (D:10)
  A hill giant (D:10)
  A manticore (D:10)
  4 black mambas
  An elephant (Lair:5)
  Joseph (D:8)
  4 spiny frogs
  Psyche (D:8)
  3 komodo dragons
  A merfolk (D:10)
  A jumping spider (Lair:3)
  2 polar bears (Lair:5)
  3 trolls
  3 blink frogs (Lair:5)
  A two-headed ogre (D:10)
  2 slime creatures (Lair:5)
  3 hippogriffs
  A redback (Lair:3)
  A spriggan (D:8)
  Sigmund (D:6)
  5 wyverns
  2 hogs (D:10)
  17 yaks
  2 basilisks
  Menkaure (D:4)
  2 wargs (D:9)
  6 water moccasins
  Edmund (D:5)
  Duvessa (D:6)
  8 porcupines
  11 black bears (D:10)
  The ghost of HEYYEYAAE the Cudgeler, an amateur TrBe of Trog (D:3)
  The ghost of HEYYEYAAE the Cudgeler, an amateur TrBe of Trog (D:4)
  A sky beast (D:7)
  6 ogres
  8 orc warriors
  A phantom (D:10)
  8 ice beasts
  A necrophage (D:8)
  7 centaurs
  8 crocodiles
  5 big kobolds
  Blork the orc (D:6)
  A gnoll sergeant (D:10)
  11 bullfrogs
  Dowan (D:6)
  A scorpion (D:8)
  6 electric eels (D:10)
  7 wights (D:8)
  7 howler monkeys
  5 crimson imps
  A bullfrog zombie (D:8)
  A bullfrog skeleton (D:10)
  4 hounds
  2 quasits
  2 centaur zombies
  6 jellies
  Crazy Yiuf (D:2)
  5 gnoll shamans (D:10)
  6 orc priests
  9 orc wizards
  2 iguanas
  Terence (D:2)
  6 worker ants
  A howler monkey zombie (D:8)
  2 worker ant zombies
  4 gnolls
  11 adders
  3 river rats
  A shadow imp (D:6)
  A white imp (Lair:5)
  An ooze (D:4)
  An adder skeleton (D:4)
  4 worms
  A dart slug (D:1)
  4 leopard geckos
  32 orcs
  A ball python (D:4)
  2 giant cockroaches
  7 goblins
  2 hobgoblins (D:1)
  6 jackals
  27 kobolds
  3 quokkas
  3 bats
  4 frilled lizards
  A quokka skeleton (D:4)
  13 rats
  A fungus (D:2)
  A plant (D:10)
365 creatures vanquished.

Vanquished Creatures (others)
  A wizard (D:8)
  7 fungi
  A plant (Lair:1)
9 creatures vanquished.

Grand Total: 374 creatures vanquished

Notes
Turn   | Place    | Note
-------+----------+-------------------------------------------
     0 | D:1      | kae the Formicid Fighter began the quest for the Orb.
     0 | D:1      | Reached XP level 1. HP: 18/18 MP: 1/1
   178 | D:1      | Reached XP level 2. HP: 23/24 MP: 2/2
   241 | D:1      | Found a glowing golden altar of the Shining One.
   255 | D:1      | Reached XP level 3. HP: 27/29 MP: 3/3
   658 | D:2      | Reached skill level 3 in Long Blades
   658 | D:2      | Reached XP level 4. HP: 37/37 MP: 4/4
   766 | D:2      | Noticed Terence
   782 | D:2      | Killed Terence
  1044 | D:2      | Reached XP level 5. HP: 39/42 MP: 5/5
  1345 | D:2      | Found a runed door.
  1349 | D:2      | Noticed Crazy Yiuf
  1354 | D:2      | Killed Crazy Yiuf
  1636 | D:3      | Reached skill level 4 in Long Blades
  1724 | D:3      | Noticed HEYYEYAAE's ghost (amateur TrBe)
  2166 | D:3      | Killed HEYYEYAAE's ghost
  2166 | D:3      | Reached skill level 5 in Shields
  2166 | D:3      | Reached XP level 6. HP: 44/50 MP: 6/6
  2800 | D:4      | Noticed HEYYEYAAE's ghost (amateur TrBe)
  2823 | D:4      | Killed HEYYEYAAE's ghost
  2823 | D:4      | Reached skill level 5 in Fighting
  2823 | D:4      | Reached skill level 5 in Long Blades
  2823 | D:4      | Reached XP level 7. HP: 41/56 MP: 7/7
  3059 | D:4      | Found a glowing drain.
  3068 | Sewer    | Entered a sewer
  3232 | Sewer    | HP: 2/56 [poisoned by a kobold]
  3237 | Sewer    | HP: 2/56 [poisoned by a kobold]
  3543 | Sewer    | Upgraded the game from 0.19-a0-1907-gcff654f to 0.19-a0-1908-g43c011f
  3586 | Sewer    | Found a glowing silver altar of Zin.
  3824 | D:4      | Noticed Menkaure
  3829 | D:4      | HP: 2/56 [Menkaure (18)]
  3835 | D:4      | Killed Menkaure
  4280 | D:5      | Entered Level 5 of the Dungeon
  4303 | D:5      | Reached skill level 6 in Long Blades
  4303 | D:5      | Reached XP level 8. HP: 54/64 MP: 8/8
  4545 | D:5      | Got an ebony falchion
  4546 | D:5      | Identified the +9 falchion of Wyrd {slice, rF+} (You found it on level 5 of the Dungeon)
  4729 | D:5      | Noticed Edmund
  4738 | D:5      | Killed Edmund
  4808 | D:6      | Found a shadowy altar of Dithmenos.
  4915 | D:6      | Found a staircase to the Ecumenical Temple.
  4939 | Temple   | Entered the Ecumenical Temple
  4946 | Temple   | Became a worshipper of Warmaster Okawaru
  5026 | D:6      | Noticed Duvessa
  5026 | D:6      | Noticed Dowan
  5035 | D:6      | Killed Duvessa
  5035 | D:6      | Reached skill level 7 in Long Blades
  5040 | D:6      | Killed Dowan
  5100 | D:6      | Noticed Blork the orc
  5109 | D:6      | Killed Blork the orc
  5154 | D:6      | Reached XP level 9. HP: 71/71 MP: 9/9
  5208 | D:6      | Noticed Sigmund
  5219 | D:6      | Killed Sigmund
  5219 | D:6      | Reached * piety under Okawaru
  5268 | D:6      | Found Rynawk's Food Boutique.
  5468 | D:6      | Reached skill level 8 in Long Blades
  5729 | D:7      | Found Icatipt's Magic Scroll Boutique.
  5736 | D:7      | Bought a scroll of recharging for 133 gold pieces
  5736 | D:7      | Bought a scroll of identify for 28 gold pieces
  5736 | D:7      | Bought a scroll of identify for 28 gold pieces
  5736 | D:7      | Bought a scroll of identify for 28 gold pieces
  5736 | D:7      | Bought a scroll of identify for 28 gold pieces
  5736 | D:7      | Bought a scroll of magic mapping for 49 gold pieces
  6024 | D:7      | Reached ** piety under Okawaru
  6090 | D:7      | Found Poqo's Food Shoppe.
  6168 | D:7      | Found Miqil's Antique Weapon Emporium.
  6284 | D:7      | Reached skill level 9 in Long Blades
  6795 | D:8      | Reached XP level 10. HP: 80/80 MP: 10/10
  6810 | D:8      | Noticed Psyche
  6816 | D:8      | Killed Psyche
  6816 | D:8      | Reached *** piety under Okawaru
  6826 | D:8      | Reached skill level 10 in Long Blades
  6833 | D:8      | Noticed Erica
  6852 | D:8      | Killed Erica
  6860 | D:8      | Reached **** piety under Okawaru
  6886 | D:8      | Noticed Joseph
  7213 | D:8      | Killed Joseph
  7423 | D:8      | Found a bloodstained altar of Trog.
  7424 | D:8      | Noticed a wizard
  7430 | D:8      | Killed a wizard
  7664 | D:8      | Reached skill level 11 in Long Blades
  7664 | D:8      | Reached skill level 1 in Invocations
  8029 | D:9      | Reached XP level 11. HP: 89/89 MP: 12/12
  8233 | D:9      | Reached ***** piety under Okawaru
  8425 | D:9      | Reached skill level 12 in Long Blades
  8724 | D:9      | Found a staircase to the Lair.
  8848 | Lair:1   | Entered Level 1 of the Lair of Beasts
  8868 | Lair:1   | Gained mutation: You possess an exceptional clarity of mind. [potion of beneficial mutation]
  8877 | Lair:1   | Received a gift from Okawaru
  8889 | Lair:1   | Got a bloodstained cloak {god gift}
  9036 | D:9      | Identified the +0 cloak of the Peculiar Runes {MP+9 Str+2 Stlth+} (Okawaru gifted it to you on level 1 of the Lair of Beasts)
  9048 | Lair:1   | Reached skill level 10 in Fighting
  9379 | Lair:1   | Reached skill level 5 in Invocations
  9843 | Lair:1   | Noticed Gastronok
  9907 | Lair:1   | Killed Gastronok
  9907 | Lair:1   | Reached XP level 12. HP: 92/98 MP: 16/16
 10414 | D:10     | Entered Level 10 of the Dungeon
 10613 | D:10     | Reached skill level 13 in Long Blades
 11071 | D:10     | Noticed an unseen horror
 11088 | D:10     | Killed an unseen horror
 11737 | D:10     | Found a staircase to the Orcish Mines.
 12888 | D:10     | Found a blossoming altar of Fedhas.
 13149 | D:10     | Reached skill level 14 in Long Blades
 14758 | Lair:2   | Received a gift from Okawaru
 14788 | Lair:2   | Reached XP level 13. HP: 106/106 MP: 19/19
 14807 | Lair:2   | Reached skill level 1 in Dodging
 14933 | Lair:2   | Reached skill level 10 in Shields
 15629 | Lair:3   | Found a hole to the Spider Nest.
 15644 | Lair:3   | Received a gift from Okawaru
 15669 | Lair:3   | Noticed a five-headed hydra
 15695 | Lair:3   | Noticed a four-headed hydra
 15702 | Lair:3   | You fall through a shaft for 3 floors!
 15702 | Lair:6   | Entered Level 6 of the Lair of Beasts
 15702 | Lair:6   | Noticed a catoblepas
 15708 | Lair:6   | Noticed a six-headed hydra
 16257 | Lair:5   | Noticed Nessos
 16277 | Lair:5   | Killed Nessos
 16277 | Lair:5   | Reached skill level 5 in Armour
 16826 | Lair:5   | Noticed an ice dragon
 16838 | Lair:5   | Killed from afar by an ice dragon

Vault maps used:
D:1:      elethiomel_arrival_maze, tso_metal_star
D:2:      st_stairs_8, uniq_terence, uniq_crazy_yiuf_cottage
D:3:      minmay_strange_pillars
D:4:      first_bread, portal_sewer_entry_e, uniq_menkaure
D:5:      uniq_edmund
D:6:      serial_shops, kennysheep_mini,
          nicolae_dithmenos_through_a_glass_darkly, uniq_duvessa, uniq_sigmund,
          uniq_blork_the_orc
D:7:      serial_shops, nicolae_shop_crystal, shop_statue, shop
D:8:      the_bakery, trog_wizard, uniq_erica, uniq_joseph, uniq_psyche
D:9:      erik_lair_orcish_takeover
D:10:     kennysheep_town, serial_shops
Temple:   dpeg_three_leaves_temple
Lair:1:   grunt_forest_small_clearing_treed, grunt_megastairs_1, uniq_gastronok
Lair:2:   lemuel_fruit_tree
Lair:3:   elwin_shoals_entry_stream, spider_nest_entry_a, grunt_megastairs_4,
          serial_bayou_shore_a, serial_bayou_shore_b, uniq_snorg
Lair:5:   minmay_slime_entry_pillars, ice2_lemuel, infiniplex_staircase_pool,
          uniq_nessos
Lair:6:   evilmike_catoblepas_cave, fungi_pond_lemuel, lemuel_centaur_altar
Sewer:    sewer_kobolds

Skill      XL: |  1  2  3  4  5  6  7  8  9 10 11 12 13 |
---------------+----------------------------------------+-----
Shields        | 4 5 6 7 8 9 10 | 10.8
Long Blades    | 3 4 5 6 7 9 11 12 14 | 14.8
Fighting       | 4 5 6 7 9 10 11 | 11.5
Invocations    | 1 6 8 |  8.3
Dodging        | 3 |  3.5
Armour         | 5 |  5.3

Action                   |  1- 3 |  4- 6 |  7- 9 | 10-12 | 13-15 || total
-------------------------+-------+-------+-------+-------+-------++-------
Melee: Long sword        |    64 |   168 |   126 |       |       ||   358
       Unarmed           |       |    10 |       |       |       ||    10
       Falchion          |       |       |   186 |   672 |   201 ||  1059
Invok: Heroism           |       |       |       |    11 |     3 ||    14
       Finesse           |       |       |       |       |     2 ||     2
 Abil: Dig               |     1 |     2 |       |    16 |     7 ||    26
       Shaft Self        |       |       |       |       |     1 ||     1
  Use: Scroll            |       |    12 |       |    13 |     1 ||    26
       Potion            |       |     2 |     3 |     3 |     1 ||     9
  Eat: Chunk             |       |     4 |    13 |    22 |     8 ||    47
       Fruit             |       |     2 |       |     2 |       ||     4
       Bread ration      |       |       |       |     1 |       ||     1
Armor: Scale mail        |    31 |    60 |    94 |   102 |    23 ||   310
Dodge: Dodged            |    26 |    53 |    81 |   130 |    70 ||   360
Block: Shield            |    28 |   102 |   149 |   264 |    87 ||   630
       Rpst.: Long sword |    10 |    14 |    11 |       |       ||    35
       Falchion          |       |       |    13 |    20 |    18 ||    51
